 Seeded DCSS version 0.30.1-11-g7821555f0a (webtiles) character file.

Game seed: 12756009894327649987 (custom seed)

2836 Psyclone the Destroyer (level 9, -3/45 HPs)
             Began as a Deep Elf Conjurer on Nov 6, 2023.
             Was an Initiate of Gozag.
             Shot with an arrow by a centaur (12 damage)
             ... on level 6 of the Dungeon.
             The game lasted 00:15:28 (6888 turns).

Psyclone the Destroyer (Deep Elf Conjurer)          Turns: 6888, Time: 00:15:28

Health: -3/45      AC:  2    Str:  4    XL:     9   Next: 45%
Magic:  16/24      EV: 13    Int: 28    God:    Gozag
Gold:   468        SH:  5    Dex: 19    Spells: 16/27 levels left

rFire   . . .        w - +1 dagger (venom)
rCold   . . .        (no shield)
rNeg    + . .        a - +0 robe {rPois}
rPois   +            (no helmet)
rElec   .            (no cloak)
rCorr   .            (no gloves)
SInv    .            (no boots)
Will    .....        C - amulet of reflection
Stlth   ++           g - ring of positive energy
HPRegen 0.27/turn    q - +6 ring of dexterity
MPRegen 0.19/turn

%: reflection
@: no status effects
A: no striking features
a: Renounce Religion, Potion Petition, Call Merchant, Bribe Branch


You were on level 6 of the Dungeon.
You worshipped Gozag.
Gozag was aware of your devotion.
You visited 1 branch of the dungeon, and saw 6 of its levels.

You collected 2238 gold pieces.
You spent 91 gold pieces at shops.
You paid 1679 gold pieces to Gozag.

Inventory:

Hand Weapons
 w - a +1 dagger of venom (weapon)
Armour
 a - a +0 robe of poison resistance (worn)
Jewellery
 g - a ring of positive energy (left hand)
 h - a ring of flight
 q - a +6 ring of dexterity (right hand)
 C - an amulet of reflection (around neck)
Scrolls
 d - 3 scrolls of identify {@r1}
 e - a scroll of blinking {unknown}
 f - a scroll of enchant armour {unknown}
 i - a scroll of noise {unknown}
 j - 3 scrolls of magic mapping {unknown}
 l - a scroll of fear {unknown}
 n - 3 scrolls of enchant weapon {unknown}
 u - a scroll of immolation {unknown}
 x - 2 scrolls of teleportation {unknown}
 y - a scroll of vulnerability {unknown}
 B - 4 scrolls of poison
Potions
 b - a potion of magic
 c - a potion of might {unknown}
 k - 2 potions of experience {unknown}
 m - 2 potions of haste {unknown}
 o - 3 potions of curing {unknown}
 p - 2 potions of degeneration {unknown}
 r - a potion of attraction {unknown}
 s - a potion of berserk rage {unknown}
 t - 2 potions of heal wounds {unknown}
 v - a potion of resistance {unknown}
 z - 2 potions of flight
 A - a potion of brilliance {unknown}


   Skills:
 - Level 2.4 Dodging
 - Level 2.4 Stealth
 + Level 9.6 Spellcasting
 * Level 11.8 Conjurations
 - Level 6.0 Hexes


You had 16 spell levels left.
You knew the following spells:

 Your Spells              Type           Power      Damage    Failure   Level
a - Magic Dart            Conj           100%       1d8       1%          1
b - Searing Ray           Conj           100%       2d8       1%          2
d - Fulminant Prism       Conj/Hex       29%        3d13      1%          4
e - Iskenderun's Mystic   Conj/Tloc      46%        2d10      3%          4

Your spell library contained the following spells:

 Spells                   Type           Power      Damage    Failure   Level
 Dazzling Flash           Conj/Hex       100%       N/A       1%          3
 Stone Arrow              Conj/Erth      92%        3d12      1%          3
 Animate Armour           Summ/Erth      26%        N/A       38%         4
 Lehudib's Crystal Spear  Conj/Erth      23%        10d6      100%        8


Dungeon Overview and Level Annotations

Branches:
Dungeon (6/15) Zot: 25749  Temple (0/1) D:5

Altars:
Gozag
Hepliaklqana
Nemelex Xobeh
Trog

Shops:
D:4 (   D:6 *[*

Annotations:
D:6 Maggie


Message History

The searing ray hits the scorpion!
You kill the scorpion!
You finish channelling your searing ray.
You now have 468 gold pieces (gained 5).
A centaur comes into view.
MP restored: 24
B - 4 scrolls of poison (gained 3)
Found a robe.
The centaur shouts!
The centaur wields a +0 shortbow.
The centaur shoots an arrow.
The arrow hits you.
Maggie the Vainglorious comes into view.
She is wielding a +1 heavy morningstar and carrying a wand of quicksilver (1).
You take 4 damage, and have 41/45 hp.
Maggie shouts!
The centaur shoots an arrow.
You block the arrow with an invisible shield... and reflect it back!
The arrow hits the centaur.
Casting: Searing Ray (safe; 1% risk of failure)
Confirm with . or Enter, or press ? or * to list all spells.
Aiming: Fulminant Prism (dangerous; 1% risk of failure)
Press: ? - help, Dir - move target You conjure a prism of explosive energy!
A fulminant prism comes into view.
The centaur shoots an arrow.
The arrow hits you!
The centaur shoots an arrow.
The arrow hits you!
You take 24 damage, and have 17/45 hp.
MASSIVE DAMAGE!!
You now have 20/24 mp.
Casting: Fulminant Prism (dangerous; 1% risk of failure)
Confirm with . or Enter, or press ? or * to list all spells.
Aiming: Fulminant Prism (dangerous; 1% risk of failure)
Press: ? - help, Dir - move target You conjure a prism of explosive energy!
A fulminant prism comes into view.
The centaur shoots an arrow.
The arrow misses you.
Your fulminant prism crackles loudly.
You now have 16/24 mp.
The centaur shoots an arrow.
The arrow hits you!
* * * LOW HITPOINT WARNING * * *
The centaur shoots an arrow.
The arrow hits you!
You die...
Your body crumbles into a pile of gold.

##...............###
#...............## #
#...............#
#..............## ##
#..............# ##.
#.............## #..
#.............# ##..
####...######## #...
#.@......##### #...
#....#.[.......###.[.
#.*....#####...........
....@.c## #####.......
..#...* #####...
......# #### ......
.....# $


You could see Maggie (ally target), a centaur (ally target) and 2 friendly
fulminant prisms.

Vanquished Creatures
  Pikel (D:4)
  Sigmund (D:3)
  3 yaks (D:6)
  A water moccasin (D:6)
  A sky beast (D:6)
  3 black bears (D:5)
  2 ogres
  A centaur (D:6)
  4 lemures
  A bullfrog (D:6)
  3 scorpions
  Crazy Yiuf (D:2)
  5 hounds
  3 jellies
  3 orc priests
  2 sleepcaps (D:5)
  A gnoll bouda (D:6)
  2 iguanas
  Terence (D:3)
  2 orc wizards
  11 gnolls
  8 adders
  A white imp (D:5)
  2 ufetubi
  A worm (D:2)
  2 dart slugs
  9 orcs
  7 ball pythons
  3 bats
  6 endoplasms
  3 giant cockroaches
  10 hobgoblins
  4 quokkas
  3 frilled lizards
  11 goblins
  4 kobolds
  A rat (D:3)
127 creatures vanquished.

Vanquished Creatures (others)
  9 fulminant prisms
9 creatures vanquished.

Grand Total: 136 creatures vanquished

Notes
Turn   | Place    | Note
-------+----------+-------------------------------------------
     0 | D:1      | Psyclone the Deep Elf Conjurer began the quest for the Orb.
     0 | D:1      | Reached XP level 1. HP: 10/10 MP: 6/6
    53 | D:1      | Found a faded altar of an unknown god.
    76 | D:1      | Prayed at the altar of an unknown god.
    76 | D:1      | Became a worshipper of Gozag Ym Sagoz the Greedy
   312 | D:1      | Reached XP level 2. HP: 15/15 MP: 5/8
   785 | D:2      | Learned a level 2 spell: Searing Ray
   791 | D:2      | Reached skill level 5 in Conjurations
   803 | D:2      | Reached XP level 3. HP: 19/19 MP: 0/10
   887 | D:2      | Reached XP level 4. HP: 24/24 MP: 8/12
  1407 | D:2      | Reached skill level 6 in Conjurations
  1607 | D:2      | Found a runed translucent door.
  1608 | D:2      | Noticed Crazy Yiuf
  1616 | D:2      | Killed Crazy Yiuf
  1617 | D:2      | Reached XP level 5. HP: 16/28 MP: 5/14
  2762 | D:3      | Reached skill level 5 in Spellcasting
  2980 | D:3      | Noticed Sigmund
  2993 | D:3      | Killed Sigmund
  2994 | D:3      | Reached skill level 7 in Conjurations
  2994 | D:3      | Reached XP level 6. HP: 26/32 MP: 6/16
  3064 | D:3      | Noticed Terence
  3070 | D:3      | Killed Terence
  3181 | D:3      | Learned a level 4 spell: Fulminant Prism
  3186 | D:3      | Learned a level 4 spell: Iskenderun's Mystic Blast
  3416 | D:4      | Reached skill level 1 in Hexes
  3698 | D:4      | Reached XP level 7. HP: 36/36 MP: 12/18
  3827 | D:4      | Found a sparkling altar of Nemelex Xobeh.
  3878 | D:4      | Reached skill level 8 in Conjurations
  3978 | D:4      | Found Posant's Weapon Boutique.
  4194 | D:4      | Noticed Pikel
  4269 | D:4      | Killed Pikel
  4270 | D:4      | Reached skill level 9 in Conjurations
  4270 | D:4      | Reached XP level 8. HP: 8/41 MP: 0/20
  4435 | D:4      | Found a hazy altar of Hepliaklqana.
  4672 | D:5      | Entered Level 5 of the Dungeon
  4873 | D:5      | Found a staircase to the Ecumenical Temple.
  5031 | D:5      | Reached skill level 5 in Hexes
  5199 | D:5      | Reached skill level 10 in Conjurations
  5887 | D:6      | Reached XP level 9. HP: 45/45 MP: 7/23
  6052 | D:6      | Reached skill level 11 in Conjurations
  6054 | D:6      | Found a bloodstained altar of Trog.
  6183 | D:6      | Identified a scroll of acquirement
  6184 | D:6      | Acquired 1115 gold pieces
  6198 | D:6      | Bought a dark potion for 30 gold pieces
  6394 | D:6      | Found Pemol's Serpentskin Sales.
  6414 | D:6      | Bought a +0 robe of poison resistance for 61 gold pieces
  6884 | D:6      | Noticed Maggie
  6888 | D:6      | Shot with an arrow by a centaur

Illustrated notes

Levels and vault maps discovered:
D:1:      dpeg_arrival_pits, layout_basic, ebering_ecumenical_altar_box
D:2:      layout_basic, minmay_goblin_outpost, uniq_crazy_yiuf_cottage
D:3:      layout_loops_ring, grunt_ministairs_4, uniq_terence, uniq_sigmund
D:4:      layout_rooms, nicolae_hepliaklqana_hippocampus,
          general_overflow_altar, serial_shops, kennysheep_mini_moat,
          serial_rivers, chequers_serial_rivers_room_b,
          chequers_serial_rivers_small_3, chequers_serial_rivers_micro_e,
          chequers_serial_rivers_micro_c, chequers_serial_rivers_micro_c,
          minivault_26, kennysheep_generic_room_8, uniq_pikel
D:5:      layout_loops_ring, minmay_temple_entry_large_hall
D:6:      layout_cave_pods, lemuel_doored_altar, guppyfry_shop_venom,
          uniq_maggie

Skill      XL: |  1  2  3  4  5  6  7  8  9 |
---------------+----------------------------+-----
Conjurations   | 5 6 7 9 10 11 | 11.8
Spellcasting   | 4 5 6 7 8 9 |  9.6
Hexes          | 1 3 6 |  6.0
Dodging        | |  2.4
Stealth        | |  2.4

Action                     |  1- 3 |  4- 6 |  7- 9 || total
---------------------------+-------+-------+-------++-------
  Melee: Dagger            |       |       |     7 ||     7
   Cast: Magic Dart        |    25 |   105 |    31 ||   161
         Searing Ray       |     2 |    11 |    35 ||    48
         Iskenderun's Myst |       |       |    10 ||    10
         Fulminant Prism   |       |       |    11 ||    11
 Invoke: Call Merchant     |       |       |     2 ||     2
    Use: Scroll            |       |       |     4 ||     4
   Stab: Sleeping          |       |       |     1 ||     1
 Armour: Robe              |       |     5 |     5 ||    10
  Dodge: Dodged            |     2 |    45 |    46 ||    93
  Block: Other             |       |       |     9 ||     9
         Reflection        |       |       |     1 ||     1
